 Dungeon Crawl Stone Soup version 0.32-a0-484-g2eb335deba (webtiles) character file.

Game seed: 12289983429669383188

123 Dirtsage the Shooter (level 4, -1/34 HPs)
             Began as a Demonspawn Hunter on Feb 26, 2024.
             Killed by psychic fangs
             ... invoked by a brain worm
              (10 damage)
             ... in a sewer.
             The game lasted 00:04:36 (1860 turns).

Dirtsage the Shooter (Demonspawn Hunter)            Turns: 1860, Time: 00:04:36

Health: -1/34      AC:  5    Str: 11    XL:     4   Next: 80%
Magic:  0/4        EV: 12    Int: 10    God:
Gold:   127        SH:  0    Dex: 18    Spells: 3/3 levels left

rFire   + . .        a - +0 shortbow
rCold   + . .        (shield currently unavailable)
rNeg    . . .        c - +0 leather armour
rPois   .            (no helmet)
rElec   .            g - scarf {rC+ rF+}
rCorr   .            (no gloves)
SInv    .            (no boots)
Will    .....        (no amulet)
Stlth   ++           (no ring)
HPRegen 0.25/turn    (no ring)
MPRegen 0.09/turn

%: no passive effects
@: no status effects
A: molten scales 1, powered by death 1
a: no special abilities


You were in a sewer.
You visited 1 branch of the dungeon, and saw 3 of its levels.
You also visited: Sewer.

You collected 127 gold pieces.

Inventory:

Hand Weapons
 a - a +0 shortbow (weapon)
Armour
 c - a +0 leather armour (worn)
 g - a scarf of resistance (worn)
Scrolls
 d - 2 scrolls of poison {unknown}
 i - a scroll of blinking {unknown}
 j - a scroll of teleportation {unknown}
Potions
 f - a potion of lignification {unknown}
 h - a potion of magic {unknown}
 k - a potion of heal wounds {unknown}


   Skills:
 - Level 2.5 Fighting
 + Level 5.0 Ranged Weapons
 - Level 2.3 Dodging
 - Level 1.6 Stealth


You had 3 spell levels left.
You didn't know any spells.
Your spell library contained the following spells:

 Spells                   Type           Power      Damage    Failure   Level
 Jinxbite                 Hex            0%         N/A       58%         2
 Yara's Violent Unravell  Hex/Alch       0%         3d3       100%        5
 Enfeeble                 Hex            0%         N/A       100%        7


Dungeon Overview and Level Annotations

Branches:
Dungeon (3/15)              Sewer (1/1)

Altars:


Innate Abilities, Weirdness & Mutations

You are partially covered in molten scales. (AC +2)
You regenerate a little health from kills.


Message History

You take 5 damage, and have 16/34 hp.
You now have 1/4 mp.
You shoot an arrow. The arrow hits the brain worm.
The brain worm is severely wounded.
Something gnaws on your mind!
You feel your power leaking away.
You take 5 damage, and have 11/34 hp.
You now have 0/4 mp.
You shoot an arrow. The arrow barely misses the brain worm.
The brain worm barely misses you.
It was a potion of curing.
You feel better.
q - a potion of curing The brain worm bites you but does no damage.
You regained 11 hp, and now have 23/34 hp.
You shoot an arrow.
The arrow hits the brain worm but does no damage.
The brain worm is severely wounded.
Something gnaws on your mind!
You feel your power leaking away.
You take 6 damage, and have 17/34 hp.
You now have 0/4 mp.
You shoot an arrow. The arrow hits the brain worm.
The brain worm is severely wounded.
Something gnaws heavily on your mind!
* * * LOW HITPOINT WARNING * * *
The brain worm bites you but does no damage.
You take 14 damage, and have 3/34 hp.
MASSIVE DAMAGE!!
You feel better. The brain worm barely misses you.
You regained 6 hp, and now have 9/34 hp.
As you read the scroll of butterflies, it crumbles to dust.
You hear the flapping of tiny wings.
The brain worm is knocked back by the sudden gust.
You are too injured to fight recklessly!
Fire: a) +0 shortbow
Press: ? - help, Q - select action Shift-Dir - straight line, f/p - brain worm
Aim: a brain worm (heavily wounded, ally target, 81% to hit)
You shoot an arrow. The arrow misses your butterfly.
The arrow hits your butterfly.
You kill your butterfly!
Your butterfly disappears in a burst of colours!
The brain worm misses your butterfly. Something gnaws heavily on your mind!
You die...

≈≈≈≈≈≈≈≈≈# #~#
≈≈≈≈≈≈≈≈≈#≈#≈≈≈≈≈#~#
≈≈≈≈≈≈≈≈≈#≈#≈≈≈≈≈#~#≈≈≈≈≈≈≈≈≈
.).~~.≈≈≈#≈#≈≈≈≈≈#~#≈≈≈≈≈≈≈≈≈≈
~...~~...#~#≈≈≈b≈#~#≈≈≈≈≈≈≈≈≈≈
~##..~~.~~.P~bb≈≈#~#≈≈≈≈≈≈≈≈≈≈
~###..~~.~.PPP~~.#b#~~~≈≈≈≈≈≈≈
~# ##...~..~~bbb.#†#~~.≈≈≈≈≈≈≈
~# ###...~.~b~.@.bPb.b.≈≈≈≈≈≈
~# #.~~.~~b~~P..bb.w.≈≈≈≈≈≈ ~#
##..~~~b.b~bb.b~.~~≈≈≈≈≈ ~#
##...~.~b.bbb~~.~.≈≈≈≈≈
##P######~.~.~~bbbb.b~#~#≈≈≈≈≈
~~~~~~†~~.~b~~.†..~.~#~# ≈≈≈≈
########~~.#########~#†# ≈≈≈ #
##~.P.~~~~~~~~~.#~# ≈≈ #
#..~.~####.####~#~# ≈


You could see a brain worm (ally target).

Vanquished Creatures
  3 adders
  4 river rats (Sewer)
  A dart slug (D:1)
  A ribbon worm (D:3)
  3 orcs
  5 bats
  6 endoplasms
  A giant cockroach (D:1)
  2 goblins (D:2)
  5 hobgoblins
  2 jackals (Sewer)
  4 kobolds
  2 quokkas (D:1)
  6 ball pythons
  2 frilled lizards (D:2)
  9 rats
56 creatures vanquished.

Notes
Turn   | Place    | Note
-------+----------+-------------------------------------------
     0 | D:1      | Dirtsage the Demonspawn Hunter began the quest for the Orb.
     0 | D:1      | Reached XP level 1. HP: 16/16 MP: 1/1
    69 | D:1      | Reached skill level 1 in Stealth
   107 | D:1      | Gained mutation: You are partially covered in molten
                  | scales. (AC +2) [demonic ancestry]
   107 | D:1      | Reached XP level 2. HP: 22/22 MP: 2/2
   891 | D:2      | Gained mutation: You regenerate a little health from kills.
                  | [demonic ancestry]
   891 | D:2      | Reached XP level 3. HP: 24/28 MP: 3/3
  1043 | D:2      | Reached skill level 4 in Ranged Weapons
  1584 | D:3      | Reached XP level 4. HP: 32/34 MP: 4/4
  1633 | D:3      | Found a glowing drain.
  1637 | Sewer    | Entered a sewer
  1841 | Sewer    | Noticed a brain worm
  1843 | Sewer    | Reached skill level 5 in Ranged Weapons
  1860 | Sewer    | Killed from afar by a brain worm

Illustrated notes

Levels and vault maps discovered:
D:1:      minmay_arrival_loop, layout_loops_ring, serial_forest,
          infiniplex_forest_straight_2, infiniplex_forest_end_2,
          infiniplex_forest_end_1, infiniplex_forest_clump_small,
          infiniplex_forest_clump_small, infiniplex_forest_straight_2,
          infiniplex_forest_lined_2, infiniplex_forest_end_2,
          infiniplex_forest_clump_curved
D:2:      layout_basic, dreamdust_wishing_well, minmay_pentomino_r2
D:3:      layout_rooms, zin_angel, gup_sewer_entry_bowl,
          ebering_ecumenical_altar_sacrificial, nicolae_the_louvre
Sewer:    sewer_co_scattered_pipes

Skill      XL: |  1  2  3  4 |
---------------+-------------+-----
Stealth        | 1 |  1.6
Dodging        | 2 |  2.3
Ranged Weapons | 4 5 |  5.0
Fighting       | |  2.5

Action                     |  1- 3 |  4- 6 || total
---------------------------+-------+-------++-------
   Fire: Shortbow          |   127 |    64 ||   191
    Use: Potion            |       |     2 ||     2
         Scroll            |       |     1 ||     1
 Armour: Leather armour    |    34 |    13 ||    47
  Dodge: Dodged            |    48 |    16 ||    64

Table legend: (Time is in decaauts)
 A = Elapsed time spent in this place.
 B = Non-inter-level travel time spent in this place.
 C = Inter-level travel time spent in this place.
 D = Time resting spent in this place.
 E = Time spent auto-exploring this place.
 F = Levels seen in this place.
 G = Mean time per level.
                   A        B        C        D        E       F      G
               +--------+--------+--------+--------+--------+-----+--------+
         Total |   1934 |   1842 |     92 |     10 |   1462 |   4 |  483.5 |
       Dungeon |   1673 |   1581 |     92 |     10 |   1320 |   3 |  557.7 |
         Sewer |    260 |    260 |      0 |      0 |    142 |   1 |  260.0 |
               +--------+--------+--------+--------+--------+-----+--------+

Top non-repeatable levels by time:
     D:1: 877 daAuts
     D:2: 690 daAuts
   Sewer: 260 daAuts
     D:3: 105 daAuts
